[Event "Titled Tuesday Blitz March 29 Early 2022"]
[White "Le Ruyet, Leopold"]
[Black "Lagunov, Evgenij"]
[WhiteFideId "645923"]
[BlackFideId "4125363"]
[WhiteElo "2520"]
[BlackElo "2320"]
[Result "1-0"]
[Round "09"]
[TimeControl "180+1"]
[Date "2022.03.30"]
[WhiteClock "0:00:06"]
[BlackClock "0:00:06"]

1. d4 Nf6 2. c4 e6 3. Nc3 d5 4. cxd5 exd5 5. Bg5 c6 6. e3 Bf5 7. Bd3 Bxd3 8. Qxd3 Be7 9. Nf3 Nbd7 10. O-O O-O 11. Bf4 Re8 12. h3 h6 13. Rab1 a5 14. Rfe1 Bf8 15. Ne5 Nxe5 16. Bxe5 Nd7 17. Bh2 Nf6 18. f3 a4 19. Bg3 b5 20. a3 Qb6 21. Bf2 b4 22. axb4 Qxb4 23. e4 dxe4 24. fxe4 Red8 25. Qf3 Qb3 26. Red1 Bb4 27. Bh4 Be7 28. e5 Nd5 29. Nxd5 Bxh4 30. Nc3 Qe6 31. Ne4 Be7 32. Rbc1 Rab8 33. Rxc6 Qd5 34. Rc7 Bf8 35. Qg4 Qe6 36. Qf3 Rxb2 37. Nc5 Qe8 38. Nb7 Rd7 39. Rxd7 Qxd7 40. Na5 a3 41. d5 Bc5+ 42. Kh1 a2 43. Nb3 Qb5 44. Nxc5 Qxc5 45. d6 Rb1 46. d7 Rb8 47. d8=Q+ Rxd8 48. Rxd8+ Kh7 49. Qf5+ g6 50. Qxf7# 1-0


[Site "https://www.chess.com"]

[Event "Titled Tuesday Blitz March 29 Early 2022"]
[White "Le, Tuan Minh"]
[Black "Matlakov, Maxim"]
[WhiteFideId "12401153"]
[BlackFideId "4168003"]
[WhiteElo "2450"]
[BlackElo "2669"]
[Result "1-0"]
[Round "09"]
[TimeControl "180+1"]
[Date "2022.03.29"]
[WhiteClock "0:00:17"]
[BlackClock "0:00:05"]

1. d4 Nf6 2. Nf3 d5 3. Bf4 Bf5 4. c4 e6 5. Nc3 Bb4 6. e3 O-O 7. Be2 dxc4 8. Bxc4 c5 9. O-O cxd4 10. Nxd4 Bg6 11. Qb3 Qe7 12. Bg5 Nbd7 13. Rac1 h6 14. Bh4 Rfc8 15. Rfd1 Bh5 16. Be2 Bxe2 17. Ndxe2 Bxc3 18. Nxc3 Nc5 19. Qb4 b6 20. h3 g5 21. Bg3 Rd8 22. Rd4 Qb7 23. Rcd1 Rxd4 24. Qxd4 Nfe4 25. Be5 Nxc3 26. Qxc3 Qe4 27. b4 Na4 28. Qc7 Rf8 29. Rd8 Qxb4 30. Kh2 Qc5 31. Rxf8+ Qxf8 32. Qxa7 b5 33. Qd7 Nc5 34. Qxb5 Ne4 35. f3 Nd6 36. Qb4 Nf5 37. Qxf8+ Kxf8 38. e4 Ne3 39. a4 Ke7 40. a5 Kd7 41. Bg7 h5 42. Bf6 g4 43. fxg4 hxg4 44. h4 Nc4 45. h5 1-0


[Site "https://www.chess.com"]

[Event "Titled Tuesday Blitz March 29 Early 2022"]
[White "Legenia, Artem"]
[Black "Omariev, Maksim"]
[WhiteFideId "14136945"]
[BlackFideId "4193423"]
[WhiteElo "1936"]
[BlackElo "2521"]
[Result "0-1"]
[Round "09"]
[TimeControl "180+1"]
[Date "2022.03.30"]
[WhiteClock "0:00:21"]
[BlackClock "0:00:06"]

1. Nf3 d5 2. c4 d4 3. e4 Nc6 4. d3 e5 5. g3 Be7 6. Bg2 h5 7. Na3 h4 8. Nxh4 Bxh4 9. gxh4 Qxh4 10. Qf3 Be6 11. Qg3 Nb4 12. Qxh4 Rxh4 13. Ke2 f6 14. Bd2 a5 15. Nb5 Kd7 16. a3 Nc6 17. Raf1 g5 18. Kf3 Nge7 19. h3 a4 20. Kg3 Nd8 21. Nxd4 exd4 22. f4 Ndc6 23. fxg5 fxg5 24. Bxg5 Rh7 25. h4 Ne5 26. Rd1 b5 27. cxb5 Rb8 28. Rhf1 Rxb5 29. Rd2 Rb3 30. Rfd1 c5 31. Bf4 N7g6 32. Bg5 Kd6 33. Bh3 Bxh3 34. Kxh3 Nf3 35. Rg2 Nxg5+ 36. Rxg5 Nf4+ 37. Kg4 Nxd3 38. Rg6+ Kc7 39. Kf5 Rxh4 40. Rg7+ Kc6 41. Rdg1 Rf4+ 42. Ke6 Rxe4+ 43. Kf5 Re2 44. R1g6+ Kb5 45. Rb7+ Kc4 46. Rc7 Rexb2 47. Rgc6 Rxa3 48. Ke4 Rc3 0-1


[Site "https://www.chess.com"]

[Event "Titled Tuesday Blitz March 29 Early 2022"]
[White "Lehtosaari, Mauri"]
[Black "Terletsky, Oleg"]
[WhiteFideId "501999"]
[BlackFideId "14116774"]
[WhiteElo "2491"]
[BlackElo "2064"]
[Result "0-1"]
[Round "09"]
[TimeControl "180+1"]
[Date "2022.03.30"]
[WhiteClock "0:00:04"]
[BlackClock "0:00:12"]

1. d4 Nf6 2. Nf3 g6 3. Bg5 Bg7 4. Nbd2 d5 5. e3 h6 6. Bh4 c5 7. c3 Nc6 8. Be2 cxd4 9. cxd4 O-O 10. O-O Qb6 11. Qb3 Bf5 12. Rfc1 Rfc8 13. Qb5 Qxb5 14. Bxb5 Nb4 15. a3 Nd3 16. Bxd3 Bxd3 17. Ne5 Bc2 18. b4 g5 19. Bg3 Nh5 20. Ra2 Ba4 21. Raa1 Nxg3 22. hxg3 b6 23. Kf1 f6 24. Nef3 g4 25. Nh4 e5 26. Nf5 Bf8 27. f3 h5 28. Kf2 Kf7 29. Rh1 Rc2 30. Ke1 Rac8 31. Rxh5 Rb2 32. dxe5 fxe5 33. e4 Rcc2 34. fxg4 Rxd2 35. Kf1 Rf2+ 36. Kg1 Rxg2+ 37. Kh1 dxe4 38. Rf1 Ke6 39. Ne3 Rgf2 40. Re1 Rbe2 41. Rxe2 Rxe2 42. Nf5 e3 43. Kg1 Bc6 44. Rh7 Rg2+ 45. Kf1 e2+ 46. Ke1 Bf3 47. Rh1 Bxg4 48. Ne3 Bf3 49. Nxg2 Bxg2 50. Rh2 Bf3 51. Kf2 e4 52. Rh5 Bg7 53. Rg5 Bf6 54. Rg6 Kf5 55. Rh6 Bd4+ 56. Ke1 Bc3+ 57. Kf2 e1=Q# 0-1


[Site "https://www.chess.com"]

[Event "Titled Tuesday Blitz March 29 Early 2022"]
[White "Liyanage, Ranindu Dilshan"]
[Black "Baches Garcia, Guillermo"]
[WhiteFideId "9915834"]
[BlackFideId "2209764"]
[WhiteElo "2649"]
[BlackElo "2503"]
[Result "1-0"]
[Round "09"]
[TimeControl "180+1"]
[Date "2022.03.30"]
[WhiteClock "0:01:56"]
[BlackClock "0:00:10"]

1. h4 e5 2. h5 d5 3. h6 Nxh6 4. d4 Ng4 5. dxe5 Nxe5 6. Bf4 Bd6 7. Nc3 Be6 8. e3 Nbc6 9. Qd2 Nc4 10. Bxc4 dxc4 11. Nge2 Bxf4 12. Nxf4 Qxd2+ 13. Kxd2 O-O-O+ 14. Ke2 Ne5 15. Nxe6 fxe6 16. Rh5 Ng6 17. Rc5 Rhf8 18. Rxc4 Rf5 19. Rh1 h6 20. Rg4 Ne5 21. Rxg7 Nc4 22. Ne4 Nxb2 23. Rxh6 Rb5 24. Rhh7 c6 25. Rc7+ Kb8 26. Rce7 a5 27. g4 a4 28. g5 Nc4 29. g6 Re5 30. g7 1-0


[Site "https://www.chess.com"]

[Event "Titled Tuesday Blitz March 29 Early 2022"]
[White "Ljukin, Sergei"]
[Black "Gaehwiler, Gabriel"]
[WhiteFideId "14102200"]
[BlackFideId "1314530"]
[WhiteElo "2554"]
[BlackElo "2686"]
[Result "0-1"]
[Round "09"]
[TimeControl "180+1"]
[Date "2022.03.30"]
[WhiteClock "0:00:01"]
[BlackClock "0:00:11"]

1. e4 e5 2. Nf3 Nf6 3. Nxe5 d6 4. Nf3 Nxe4 5. d3 Nf6 6. d4 d5 7. c4 Be7 8. Nc3 O-O 9. Be2 Nbd7 10. O-O dxc4 11. Bxc4 Nb6 12. Bb3 c6 13. Re1 Nfd5 14. Ne4 Bf5 15. Ne5 Be6 16. Bd2 Nc7 17. Ba5 Bxb3 18. axb3 Ne6 19. Bc3 Qd5 20. Ra5 Qd8 21. Qg4 Nd5 22. Ng3 Nxc3 23. Nxf7 Rxf7 24. Rae5 Nd5 25. Rxe6 Bf6 26. Nf5 Kh8 27. Kf1 Qf8 28. h4 Nc7 29. R6e4 Rd8 30. h5 a5 31. f3 b5 32. h6 g6 33. Ng3 Nd5 0-1


[Site "https://www.chess.com"]

[Event "Titled Tuesday Blitz March 29 Early 2022"]
[White "Maghsoodloo, Parham"]
[Black "Demchenko, Anton"]
[WhiteFideId "12539929"]
[BlackFideId "4160258"]
[WhiteElo "2630"]
[BlackElo "2539"]
[Result "1-0"]
[Round "09"]
[TimeControl "180+1"]
[Date "2022.03.29"]
[WhiteClock "0:01:03"]
[BlackClock "0:00:02"]

1. e4 e5 2. Nf3 Nc6 3. Bc4 Nf6 4. d3 Be7 5. O-O O-O 6. Re1 d6 7. a4 Kh8 8. a5 a6 9. Nc3 Ng8 10. Nd5 f5 11. c3 Bf6 12. h3 f4 13. d4 g5 14. dxe5 dxe5 15. b3 Bg7 16. Ba3 Re8 17. Bc5 g4 18. hxg4 Bxg4 19. b4 Qc8 20. Ng5 h6 21. f3 Bh5 22. Nh3 Nf6 23. Ra2 Nh7 24. Rd2 Bf8 25. Bxf8 Rxf8 26. Qe2 Rg8 27. Ndxf4 exf4 28. Bxg8 Qxg8 29. Nxf4 Qg5 30. Qe3 Rg8 31. Rd5 Ne5 32. Nxh5 Qxh5 33. Qd4 Rg5 34. Rxe5 Rxe5 35. f4 Qh4 36. Qxe5+ Nf6 37. Re3 Kg8 38. g3 1-0


[Site "https://www.chess.com"]

[Event "Titled Tuesday Blitz March 29 Early 2022"]
[White "Manolache, Marius"]
[Black "Chen, Qi b"]
[WhiteFideId "1201530"]
[BlackFideId "8614733"]
[WhiteElo "2389"]
[BlackElo "2432"]
[Result "1-0"]
[Round "09"]
[TimeControl "180+1"]
[Date "2022.03.29"]
[WhiteClock "0:00:14"]
[BlackClock "0:00:03"]

1. d4 Nf6 2. c4 g6 3. Nc3 d5 4. cxd5 Nxd5 5. Bd2 c5 6. Qc1 Nc6 7. dxc5 Bg7 8. Nf3 O-O 9. g3 Bf5 10. Bg2 Rc8 11. O-O b6 12. Rd1 Nxc3 13. Bxc3 Qc7 14. Bxg7 Kxg7 15. b4 bxc5 16. Qxc5 Qb6 17. Qxb6 axb6 18. a3 Rfd8 19. Rxd8 Rxd8 20. Rc1 Nd4 21. Nxd4 Rxd4 22. h4 Rd2 23. Bf3 Ra2 24. Rc3 Be6 25. g4 h6 26. Kg2 Kf6 27. Kg3 Ke5 28. e3 Kd6 29. h5 gxh5 30. gxh5 Ke5 31. Bc6 Kf6 32. f4 Ra1 33. Bf3 Ra2 34. e4 Ra1 35. f5 Ba2 36. Kf4 e5+ 37. fxe6 Bxe6 38. Rc6 Rxa3 39. Rxb6 Rb3 40. Be2 Ke7 41. e5 Kf8 42. Bf3 Ke7 43. Rb8 Kd7 44. b5 Kc7 45. Rh8 1-0


[Site "https://www.chess.com"]

[Event "Titled Tuesday Blitz March 29 Early 2022"]
[White "Melikhov, Evgeny V."]
[Black "Secer, Ata"]
[WhiteFideId "4122046"]
[BlackFideId "6303293"]
[WhiteElo "1945"]
[BlackElo "2282"]
[Result "0-1"]
[Round "09"]
[TimeControl "180+1"]
[Date "2022.03.30"]
[WhiteClock "0:00:04"]
[BlackClock "0:00:23"]

1. d4 d5 2. c4 c6 3. Nc3 Nf6 4. e3 a6 5. c5 g6 6. f4 Bg7 7. Nf3 O-O 8. Be2 Bg4 9. O-O Ne4 10. Nxe4 dxe4 11. Nd2 Bxe2 12. Qxe2 f5 13. b4 Nd7 14. Nb3 Nf6 15. Bd2 Nd5 16. a3 e6 17. Rfb1 g5 18. g3 Rf7 19. Na5 Bf6 20. Nc4 Rg7 21. Kf2 Kh8 22. Rg1 Qe7 23. Qh5 Rag8 24. Ke2 gxf4 25. exf4 Bxd4 26. Rgd1 Qf6 27. Rac1 Qg6 28. Qxg6 hxg6 29. h4 Kh7 30. Be1 Bf6 31. Bf2 Rd7 32. Kf1 Rgd8 33. Kg1 Nc3 34. Rxd7+ Rxd7 35. Kf1 Rd3 36. Nd6 Nd5 37. Nxb7 Rxa3 38. Na5 Nxb4 39. Nc4 Ra2 40. Rb1 Nd3 41. Be3 Kh6 42. Rb6 Kh5 43. Rxc6 Kg4 44. Rxe6 Kf3 45. Kg1 Kxg3 46. Kf1 Kf3 47. Kg1 Bxh4 48. Rxg6 Bg3 0-1


[Site "https://www.chess.com"]

[Event "Titled Tuesday Blitz March 29 Early 2022"]
[White "Mena, Ailen Oriana"]
[Black "Johnson, Ben"]
[WhiteFideId "3902773"]
[BlackFideId "2010917"]
[WhiteElo "1534"]
[BlackElo "2186"]
[Result "0-1"]
[Round "09"]
[TimeControl "180+1"]
[Date "2022.03.30"]
[WhiteClock "0:00:08"]
[BlackClock "0:00:08"]

1. e4 c5 2. c3 Nf6 3. e5 Nd5 4. d4 cxd4 5. Nf3 Nc6 6. cxd4 d6 7. Bc4 Nb6 8. Bb5 Bd7 9. O-O e6 10. Nc3 a6 11. Bd3 dxe5 12. dxe5 Be7 13. Qe2 Qc7 14. a3 O-O 15. Qe4 g6 16. Bh6 Rfd8 17. Rac1 Be8 18. Rfe1 Qd7 19. Bb1 Nd5 20. Bg5 Nxc3 21. Rxc3 Bxg5 22. Nxg5 Qd4 23. h4 h6 24. Nf3 Qxe4 25. Bxe4 Kg7 26. Rec1 Nd4 27. Nxd4 Rxd4 28. Bxb7 Rb8 29. Rc7 Rd2 30. b4 Bb5 31. R1c3 Rbd8 32. Rf3 R8d7 33. Rxd7 Rxd7 34. Bxa6 Bxa6 35. a4 Rd4 36. b5 Bb7 37. a5 Bxf3 0-1


[Site "https://www.chess.com"]

[Event "Titled Tuesday Blitz March 29 Early 2022"]
[White "Mihailidis, Anastasios"]
[Black "De Souza, Cristiano Gomes"]
[WhiteFideId "4205588"]
[BlackFideId "2151758"]
[WhiteElo "2312"]
[BlackElo "2068"]
[Result "0-1"]
[Round "09"]
[TimeControl "180+1"]
[Date "2022.03.30"]
[WhiteClock "0:00:02"]
[BlackClock "0:01:52"]

1. e4 c5 2. Nf3 d6 3. d4 cxd4 4. Nxd4 Nf6 5. f3 g6 6. c4 Bg7 7. Nc3 O-O 8. Be3 a5 9. Be2 Nc6 10. O-O Bd7 11. Qd2 a4 12. Rac1 Nxd4 13. Bxd4 Bc6 14. Rfd1 Nd7 15. Bxg7 Kxg7 16. Qd4+ Kg8 17. Rc2 Qb6 18. Qxb6 Nxb6 19. Nd5 Bxd5 20. cxd5 Rac8 21. Rdc1 Rxc2 22. Rxc2 Rc8 23. Rxc8+ Nxc8 24. Kf2 Nb6 25. Ke3 e6 26. Kd4 Kf8 27. Bb5 Ke7 28. f4 f5 29. exf5 Nxd5 30. fxg6 hxg6 31. g3 Nb6 32. a3 Kf6 33. g4 e5+ 34. fxe5+ dxe5+ 35. Kc5 Nc8 36. Bxa4 Kg5 37. b4 Kf4 38. Bd7 e4 39. Kd4 e3 40. Kd3 Nd6 41. Be6 Kf3 42. Bd5+ Kf2 43. Bb3 e2 0-1


[Site "https://www.chess.com"]

[Event "Titled Tuesday Blitz March 29 Early 2022"]
[White "Mikhalsky, Vladimir"]
[Black "Sargsyan, Anna M."]
[WhiteFideId "14144352"]
[BlackFideId "13308130"]
[WhiteElo "2498"]
[BlackElo "2624"]
[Result "0-1"]
[Round "09"]
[TimeControl "180+1"]
[Date "2022.03.30"]
[WhiteClock "0:00:12"]
[BlackClock "0:00:54"]

1. c4 c6 2. g3 d5 3. Bg2 Nf6 4. Nf3 Bf5 5. O-O e6 6. b3 Nbd7 7. Bb2 Be7 8. d3 O-O 9. Nbd2 h6 10. Qc2 a5 11. e4 Bh7 12. e5 Ne8 13. a3 Nc5 14. Ne1 dxc4 15. Nxc4 Nxd3 16. Qc3 Nxb2 17. Qxb2 Nc7 18. Nc2 Nd5 19. Rfd1 Qb8 20. f4 b5 21. N4e3 Bc5 22. Bxd5 cxd5 23. Nd4 Rc8 24. Rd2 Be4 25. h3 Ra7 26. Kh2 Rac7 27. f5 Bxd4 28. Qxd4 Rc3 29. f6 gxf6 30. Ng4 fxe5 31. Nxe5 f6 32. Nd3 e5 33. Qe3 Kg7 34. Qe2 Bg6 35. Qg4 h5 36. Qh4 Rxd3 37. Rxd3 Bxd3 38. Qxh5 Rc2+ 39. Kh1 Be4+ 40. Kg1 Qb6+ 41. Kf1 Qf2# 0-1


[Site "https://www.chess.com"]

[Event "Titled Tuesday Blitz March 29 Early 2022"]
[White "Mikhnenko, Alexander"]
[Black "Sanchez, Robert"]
[WhiteFideId "34143014"]
[BlackFideId "2034360"]
[WhiteElo "2184"]
[BlackElo "2273"]
[Result "0-1"]
[Round "09"]
[TimeControl "180+1"]
[Date "2022.03.30"]
[WhiteClock "0:00:07"]
[BlackClock "0:02:32"]

1. Nf3 d6 2. g3 Nf6 3. Bg2 Nc6 4. O-O Bd7 5. d3 Qc8 6. e4 h5 7. h4 Bh3 8. Ng5 Bxg2 9. Kxg2 Ne5 10. d4 Ng6 11. Nc3 e6 12. f4 Be7 13. f5 exf5 14. exf5 Nf8 15. Qe2 Qd7 16. Bd2 N8h7 17. Rae1 Kf8 18. Nxh7+ Rxh7 19. Bg5 Re8 20. Qf3 c6 21. Re2 Ng4 22. Rfe1 f6 23. Bf4 Qxf5 24. Rxe7 Rxe7 25. Rxe7 Kxe7 26. Bxd6+ Kxd6 27. Qxf5 Ne3+ 28. Kf3 Nxf5 29. Kf4 0-1


[Site "https://www.chess.com"]

[Event "Titled Tuesday Blitz March 29 Early 2022"]
[White "Mkrtchyan, Mariam"]
[Black "Szpar, Milosz"]
[WhiteFideId "13310828"]
[BlackFideId "1184989"]
[WhiteElo "2509"]
[BlackElo "2668"]
[Result "1/2-1/2"]
[Round "09"]
[TimeControl "180+1"]
[Date "2022.03.30"]
[WhiteClock "0:00:06"]
[BlackClock "0:00:25"]

1. Nf3 c5 2. g3 Nc6 3. Bg2 d5 4. d4 Nf6 5. O-O e6 6. c4 dxc4 7. Ne5 Bd7 8. Nxc6 Bxc6 9. Bxc6+ bxc6 10. dxc5 Bxc5 11. Qa4 Qb6 12. Qxc4 Qb5 13. Qc2 Bb6 14. Nc3 Qc4 15. b3 Qg4 16. Ba3 Qh3 17. Ne4 c5 18. Nxf6+ gxf6 19. Bxc5 Rc8 20. b4 Bxc5 21. bxc5 h5 22. e3 h4 23. Rac1 hxg3 24. fxg3 Rxc5 25. Qg2 Qxg2+ 26. Kxg2 Rhh5 27. Rxc5 Rxc5 28. Rxf6 Rc3 29. Rf3 Rc2+ 30. Rf2 Rc3 31. Kf3 Ke7 32. g4 Kf6 33. h4 Rc1 34. Kf4 Rc4+ 35. Kg3+ Kg6 36. Rb2 Rc3 37. Kf3 Rc1 38. Rb7 a5 39. h5+ Kf6 40. Rb5 Rf1+ 41. Kg2 Re1 42. Rxa5 Rxe3 43. Kf2 Rh3 44. a4 e5 45. Kg2 Ra3 46. Rd5 Rxa4 47. Kg3 Ra3+ 48. Kh4 e4 49. g5+ Ke6 50. Rd8 Ke7 51. Rd5 e3 52. Re5+ Kd6 53. Re4 Kd5 54. Re8 Ra4+ 55. Kg3 Re4 56. Rxe4 Kxe4 57. g6 fxg6 58. h6 Kd3 59. h7 e2 60. Kf2 Kd2 61. h8=Q e1=Q+ 62. Kf3 Qe3+ 63. Kg4 Qe6+ 64. Kg5 Qf5+ 65. Kh4 g5+ 66. Kg3 Qf4+ 67. Kg2 Qg4+ 68. Kf2 Qf4+ 69. Kg2 Ke3 70. Qe8+ Kd4 71. Qd7+ Kc5 72. Qc8+ Kb6 73. Qe6+ Kb5 74. Qd5+ Kb4 75. Qd7 g4 76. Qe7+ Kc4 77. Qd7 Qf3+ 78. Kg1 g3 79. Qc7+ Kd3 80. Qd6+ Ke2 81. Qe5+ Kd3 82. Qd6+ Kc4 83. Qc7+ Kb5 84. Qb8+ Ka6 85. Qc8+ Ka7 86. Qc7+ Ka6 87. Qc8+ Ka5 88. Qc7+ Kb4 89. Qb6+ Kc4 90. Qc7+ 1/2-1/2


[Site "https://www.chess.com"]

[Event "Titled Tuesday Blitz March 29 Early 2022"]
[White "Mortazavi, Ali"]
[Black "Bacrot, Etienne"]
[WhiteFideId "401323"]
[BlackFideId "605506"]
[WhiteElo "2339"]
[BlackElo "2673"]
[Result "0-1"]
[Round "09"]
[TimeControl "180+1"]
[Date "2022.03.29"]
[WhiteClock "0:00:09"]
[BlackClock "0:00:12"]

1. Nf3 c5 2. g3 g6 3. Bg2 Bg7 4. O-O Nc6 5. d3 e5 6. c4 Nge7 7. Nc3 O-O 8. Ne1 d6 9. Nc2 Be6 10. Ne3 Qd7 11. a3 Bh3 12. Ned5 Bxg2 13. Kxg2 f5 14. Rb1 f4 15. b4 Rf7 16. b5 Nd4 17. Nxe7+ Qxe7 18. f3 h5 19. Ne4 Bh6 20. gxf4 exf4 21. Kh1 Kh7 22. Rg1 Rg8 23. Qf1 Qe6 24. Bb2 Nc2 25. Qf2 g5 26. Rg2 Ne3 27. Rgg1 Rg6 28. Bc1 Nf5 29. Bd2 b6 30. Qg2 g4 31. fxg4 hxg4 32. Qf2 Nd4 33. Bc3 g3 34. Qg2 f3 35. exf3 Nxf3 36. Rgf1 gxh2 37. Qxf3 Rxf3 38. Rxf3 Qg4 39. Rg3 Qxg3 40. Nxg3 Rxg3 41. Kxh2 Rxd3 42. Be1 Rxa3 43. Bg3 Ra4 44. Rf1 Rxc4 45. Rf7+ Kg6 46. Rxa7 Rb4 47. Rd7 Rxb5 48. Rxd6+ Kh7 49. Rd7+ Kg8 50. Rd6 Be3 51. Kh3 c4 52. Kg4 c3 53. Rd8+ Kf7 54. Rc8 Bc5 55. Rc7+ Ke6 56. Bf4 Kd5 57. Rh7 Kc4 58. Kf3 Rb1 59. Ke2 c2 60. Rh4 Kb5 61. Bd2 c1=Q 62. Bxc1 Rxc1 63. Kd2 Rb1 64. Kc2 Rb4 65. Rh3 Kc6 66. Kc3 Ra4 67. Rh6+ Kb5 68. Kb3 Ra3+ 69. Kb2 Re3 70. Rh4 Ka5 71. Rh5 Kb4 72. Rh4+ Kb5 73. Rh5 Kc6 74. Rh6+ Kd5 75. Rh5+ Kc4 76. Rh4+ Bd4+ 77. Kc2 b5 78. Kb1 b4 79. Rh7 Re1+ 80. Ka2 b3+ 81. Ka3 Ra1# 0-1


[Site "https://www.chess.com"]

[Event "Titled Tuesday Blitz March 29 Early 2022"]
[White "Murzin, Volodar"]
[Black "Yoo, Christopher Woojin"]
[WhiteFideId "44155573"]
[BlackFideId "30909694"]
[WhiteElo "2585"]
[BlackElo "2105"]
[Result "1-0"]
[Round "09"]
[TimeControl "180+1"]
[Date "2022.03.29"]
[WhiteClock "0:00:04"]
[BlackClock "0:00:02"]

1. Nf3 Nf6 2. g3 b6 3. Bg2 Bb7 4. O-O g6 5. d3 d5 6. b3 Bg7 7. Bb2 O-O 8. Nbd2 c5 9. e3 Nc6 10. a3 Qc7 11. c4 e5 12. Qc2 d4 13. exd4 Nxd4 14. Bxd4 cxd4 15. Rfe1 Rfe8 16. b4 Rac8 17. Qb3 h5 18. h4 e4 19. dxe4 Nxe4 20. Nxe4 Bxe4 21. Rad1 d3 22. Ng5 Bf5 23. Bd5 Rxe1+ 24. Rxe1 Rf8 25. Kg2 b5 26. c5 a5 27. Rd1 a4 28. Qa2 Bc3 29. Be4 Qd7 30. f3 d2 31. Bxf5 Qxf5 32. Ne4 Qe5 33. Qc2 Bd4 34. Rxd2 f5 35. Nd6 Qe3 36. Qd1 f4 37. Rxd4 fxg3 38. Rd2 Rf4 39. Re2 Qxf3+ 40. Kg1 Kh7 41. Re7+ Kh6 42. Qxf3 Rxf3 43. Nf7+ Kg7 44. Ng5+ Kf6 45. Rf7+ 1-0


[Site "https://www.chess.com"]

[Event "Titled Tuesday Blitz March 29 Early 2022"]
[White "Nakamura, Hikaru"]
[Black "Martinez Alcantara, Jose Eduardo"]
[WhiteFideId "2016192"]
[BlackFideId "3805662"]
[WhiteElo "2850"]
[BlackElo "2690"]
[Result "1-0"]
[Round "09"]
[TimeControl "180+1"]
[Date "2022.03.29"]
[WhiteClock "0:00:23"]
[BlackClock "0:00:07"]

1. Nf3 c5 2. b3 Nf6 3. Bb2 b6 4. d4 cxd4 5. Qxd4 Bb7 6. g3 g6 7. Bg2 Bg7 8. c4 O-O 9. O-O d6 10. Ne1 Bxg2 11. Nxg2 Nc6 12. Qh4 Qc8 13. Ne3 h6 14. g4 Ne5 15. Bxe5 dxe5 16. Nc3 e6 17. Qg3 Qc5 18. Rad1 Rad8 19. h3 Qa5 20. Nc2 Qc5 21. Qe3 Qxe3 22. Nxe3 Rfe8 23. Nb5 Bf8 24. a4 a5 25. Nc7 Rxd1 26. Rxd1 Rc8 27. Nb5 Bc5 28. Nc2 h5 29. gxh5 Nxh5 30. e3 Nf6 31. Ne1 e4 32. Nc2 Kg7 33. Ncd4 Nh7 34. Kg2 Ng5 35. h4 Nh7 36. Ne2 Nf6 37. Ng3 Rh8 38. h5 gxh5 39. Nc3 Ng4 40. Ngxe4 Bxe3 41. Rd7 Bf4 42. Rb7 Be5 43. Ne2 Rd8 44. Ng5 Rd2 45. Nxe6+ Kf6 46. N6f4 Bxf4 47. Nxf4 Rxf2+ 48. Kg3 Rb2 49. Rxb6+ Ke5 50. Nd3+ 1-0


[Site "https://www.chess.com"]

[Event "Titled Tuesday Blitz March 29 Early 2022"]
[White "Namitbir Singh Walia"]
[Black "Suarez Uriel, Adrian"]
[WhiteFideId "35071068"]
[BlackFideId "22230874"]
[WhiteElo "2336"]
[BlackElo "2524"]
[Result "0-1"]
[Round "09"]
[TimeControl "180+1"]
[Date "2022.03.30"]
[WhiteClock "0:00:06"]
[BlackClock "0:00:41"]

1. d4 Nf6 2. c4 b6 3. Nf3 Bb7 4. Nc3 g6 5. e3 Bg7 6. Bd3 O-O 7. b3 c5 8. Bb2 d6 9. h4 Nbd7 10. Qc2 e5 11. d5 a6 12. h5 Qe7 13. O-O-O Rae8 14. hxg6 fxg6 15. Ng5 Ng4 16. Nge4 Ndf6 17. Qe2 Bc8 18. f3 Nh6 19. g4 Nxe4 20. Nxe4 Nf7 21. Qh2 h6 22. Rdg1 Ng5 23. Nxg5 Qxg5 24. Qe2 Bd7 25. Be4 b5 26. Kc2 bxc4 27. bxc4 Rb8 28. Bc3 Ba4+ 29. Kd2 Qd8 30. Rb1 Rxb1 31. Rxb1 g5 32. Bc2 Bxc2 33. Kxc2 e4 34. fxe4 Bxc3 35. Kxc3 Qa5+ 36. Kd3 Qa3+ 37. Rb3 Qc1 38. Qd2 Qf1+ 39. Qe2 Qc1 40. Rc3 Qb1+ 41. Qc2 Qf1+ 42. Qe2 Qa1 43. Rb3 Rf1 44. Rb2 Rd1+ 45. Kc3 Rc1+ 46. Kb3 Re1 47. Qf3 Qc1 48. Re2 Qd1+ 0-1


[Site "https://www.chess.com"]

[Event "Titled Tuesday Blitz March 29 Early 2022"]
[White "Obolentseva, Alexandra"]
[Black "Shvedova, Alexandra"]
[WhiteFideId "24153648"]
[BlackFideId "54154782"]
[WhiteElo "2567"]
[BlackElo "2441"]
[Result "0-1"]
[Round "09"]
[TimeControl "180+1"]
[Date "2022.03.30"]
[WhiteClock "0:00:15"]
[BlackClock "0:00:04"]

1. d4 Nf6 2. c4 e6 3. Nf3 d5 4. g3 dxc4 5. Bg2 Nc6 6. O-O Rb8 7. a4 b6 8. Bf4 Be7 9. Qc1 Ba6 10. Rd1 Na5 11. Nbd2 Nd5 12. Ne5 Nxf4 13. gxf4 O-O 14. e3 f6 15. Nexc4 Bxc4 16. Nxc4 Nb3 17. Qc2 Nxa1 18. Rxa1 c5 19. Rd1 Qc7 20. d5 exd5 21. Rxd5 Rbd8 22. Rh5 g6 23. Rh3 Qd7 24. Bf1 Qe6 25. Rg3 f5 26. Ne5 Kh8 27. Rh3 Bd6 28. Nf3 Be7 29. Bc4 Qd6 30. Kg2 Bf6 31. Be2 Qd5 32. Rg3 Qe4 33. Qb3 Rd2 34. Bf1 Rxb2 35. Qa3 Rd8 36. a5 Rdd2 37. Kg1 Rxf2 38. Ne1 Rxf1+ 39. Kxf1 Qc4+ 40. Qd3 Qxd3+ 41. Nxd3 Rc2 42. axb6 axb6 43. Rg2 Rxg2 44. Kxg2 c4 45. Nb4 Be7 46. Nd5 Bc5 47. Kf3 Kg7 48. e4 fxe4+ 49. Kxe4 Kf7 50. h4 Ke6 51. Nc7+ Kd7 52. Nb5 Kc6 53. Na7+ Kb7 54. Nb5 Kc6 55. Na7+ Kd7 56. Nb5 Ke6 57. Nc7+ Kf6 58. Nd5+ Kf7 59. Nc3 Be7 60. Nd5 Bxh4 61. Nxb6 c3 62. Kd3 Bf6 63. Nd5 Ke6 64. Ne3 h5 65. Ke4 h4 66. Kf3 Kf7 67. Kg4 Ke7 68. f5 g5 69. Nd5+ Kf7 70. Ne3 Kg7 71. Nc2 Be5 72. Ne3 Kf6 73. Nc2 Bf4 74. Nb4 Ke5 75. Nd3+ Kd4 76. Ne1 Bd6 77. Nc2+ Kd3 78. Ne1+ Kd2 79. Nf3+ Ke3 80. Ne1 Ke2 81. Nc2 Kd3 82. Ne1+ Kd2 83. Nf3+ Ke3 84. Ne1 Ke4 85. f6 Ke5 86. Kxg5 h3 87. f7 Ke6 88. Kg6 h2 89. Nf3 h1=Q 90. Ng5+ Kd7 91. Kg7 c2 92. Ne4 Be7 93. Nf6+ Bxf6+ 94. Kxf6 Qf1+ 95. Kg7 Qxf7+ 96. Kxf7 c1=Q 97. Kf6 Qf4+ 0-1


[Site "https://www.chess.com"]

[Event "Titled Tuesday Blitz March 29 Early 2022"]
[White "Odegov, Artem"]
[Black "Marcziter, Dmitrii"]
[WhiteFideId "34183644"]
[BlackFideId "13900765"]
[WhiteElo "2286"]
[BlackElo "2155"]
[Result "1-0"]
[Round "09"]
[TimeControl "180+1"]
[Date "2022.03.30"]
[WhiteClock "0:00:05"]
[BlackClock "0:00:24"]

1. d4 Nf6 2. c4 g6 3. Nc3 Bg7 4. e4 d6 5. h3 O-O 6. Be3 Na6 7. Bd3 c5 8. d5 e6 9. Nge2 Re8 10. O-O Nc7 11. a4 exd5 12. cxd5 b6 13. f4 Nfxd5 14. Bf2 Nb4 15. Bc4 Be6 16. Bxe6 fxe6 17. a5 d5 18. e5 Rf8 19. Qd2 Qe7 20. g4 Rad8 21. axb6 axb6 22. Ra7 Rd7 23. Rfa1 Ne8 24. Bh4 Qf7 25. Nb5 d4 26. Nexd4 Nc6 27. Nd6 Nxd6 28. Nxc6 Rxa7 29. Rxa7 Nb7 30. Ne7+ Kh8 31. Rxb7 Qxf4 32. Qxf4 Rxf4 33. Rb8+ Rf8 34. Rxf8+ Bxf8 35. Bf6+ Bg7 36. g5 h6 37. h4 hxg5 38. hxg5 b5 39. Kf2 c4 40. Ke3 b4 41. Kd4 c3 42. bxc3 bxc3 43. Kxc3 Kh7 44. Kd4 Bf8 45. Kc5 Bg7 46. Kd6 Bh8 47. Kxe6 Bg7 48. Kf7 Bf8 49. Nxg6 Bg7 50. e6 Bxf6 51. Nf8+ Kh8 52. g6 Be5 53. e7 Bg7 54. e8=Q Bh6 55. Ne6+ Bf8 56. Qxf8# 1-0


[Site "https://www.chess.com"]